Unix NetHack Version 3.7.0-80 Work-in-progress - last build Mar 20 2023 14:09:10 (4d3a4a9e917c0f86d3594936c235e576342b1c4a,branch:master). Game began 2023-03-24 14:59:05, ended 2023-03-24 17:23:35. 9629, chaotic male elven Wizard # --.-------- ----------- -----#####..........| |.........| |...|# |.........| |..........# |...-# |.........| |.........|##0#### |...|#####..........| |.(.......-### # ---|-# ----------- |.........| ##################### ----------- # ### % #### -----.---- ### |[....>...# --.------------ |........|#######-.............| |........| |.............|# ---------- |....<........|# |............@'f# |.............|## --------------- 9629 the Conjurer St:13 Dx:14 Co:12 In:20 Wi:10 Ch:9 Chaotic Dlvl:5 $:132 HP:0(33) Pw:28(41) AC:6 Xp:4/90 T:2052 Burdened Latest messages: The kitten misses it. The kitten bites it. You hear some noises. The kitten bites it. It misses the kitten. The kitten bites it. You kill the lichen! Welcome to experience level 4. You feel awake! You see here a chain mail. You can't jump very far. You swap places with your kitten. The shrieker shrieks. In what direction? The spell hits the shrieker! You kill the shrieker! The paper golem hits! The paper golem hits! The giant ant bites! The kitten misses the paper golem. You stop. Your kitten is in the way! The paper golem hits! The giant ant bites! The kitten bites the paper golem. The kitten bites the paper golem. The paper golem hits the kitten. You swap places with your kitten. The paper golem hits! The kitten bites the paper golem. The kitten bites the paper golem. The paper golem misses the kitten. The kitten misses the paper golem. The paper golem hits! The kitten misses the paper golem. What do you want to write with? You write in the dust with your fingertip. The paper golem hits! The kitten misses the paper golem. Something is written here in the dust. You read: "E.bereth". You see no objects here. What do you want to write with? Do you want to add to the current engraving? [ynq] (y) You wipe out the message that was written in the dust here. You write in the dust with your fingertip. The paper golem turns to flee. The paper golem hits! You die... Do you want your possessions identified? [ynq] (y) Do you want to see your attributes? [ynq] (y) Inventory: Coins $ - 132 gold pieces Weapons p - a +0 orcish dagger (at the ready) a - a blessed +1 quarterstaff (weapon in hands) Armor o - an uncursed +0 pair of water walking boots (being worn) b - an uncursed +0 cloak of magic resistance (being worn) z - an uncursed +0 leather armor (being worn) Comestibles I - an uncursed clove of garlic r - 3 uncursed food rations w - an uncursed lichen corpse Scrolls x - an uncursed scroll of charging K - an uncursed scroll of confuse monster k - an uncursed scroll of earth i - an uncursed scroll of enchant armor F - 2 uncursed scrolls of food detection j - an uncursed scroll of identify E - 2 uncursed scrolls of identify A - an uncursed scroll of punishment N - a cursed scroll of remove curse O - an uncursed scroll of teleportation s - a cursed scroll of teleportation Spellbooks l - a blessed spellbook of force bolt m - an uncursed spellbook of slow monster L - an uncursed spellbook of stone to flesh Potions g - a blessed potion of healing C - a blessed potion of healing f - an uncursed potion of invisibility h - an uncursed potion of levitation P - an uncursed potion of levitation M - a cursed potion of monster detection B - an uncursed potion of paralysis Rings e - an uncursed ring of cold resistance G - an uncursed +1 ring of gain strength (on right hand) d - an uncursed ring of polymorph y - a cursed ring of teleportation Wands D - a wand of digging (0:8) c - a wand of magic missile (0:8) H - a wand of slow monster (0:6) Tools n - an uncursed wooden harp J - a can of grease (0:17) u - an uncursed leash v - a cursed skeleton key t - an uncursed tallow candle 9629 the Wizard's attributes: Background: You were a Conjurer, a level 4 male elven Wizard. You were chaotic, nominally on a mission for Anhur who was opposed by Ptah (lawful) and Thoth (neutral). You were in the Dungeons of Doom, on level 5. You entered the dungeon 2052 turns ago. There was a new moon in effect when your adventure ended. You had 90 experience points, 70 more were needed to attain level 5. Basics: You had 0 out of 33 hit points. You had 28 out of 41 energy points (spell power). Your armor class was 6. Your wallet contained 132 zorkmids. Autopickup was off. Final Characteristics: Your strength was 13 (base:12, limit:18). Your dexterity was 14 (limit:18). Your constitution was 12 (limit:16). Your intelligence was 20 (limit:20). Your wisdom was 10 (limit:20). Your charisma was 9 (limit:18). Final Status: You were not hungry. You were burdened; movement was slightly slowed. You were wielding a quarterstaff. You had basic skill with quarterstaff. Final Attributes: You were piously aligned. You were magic-protected. You were sleep resistant. You had infravision. You could walk on water. You were warded. You are dead. Miscellaneous: You encountered 1 bones level. Total elapsed playing time was 41 minutes and 49 seconds. Major events: Turn 1: 9629 the chaotic male elven Wizard entered the dungeon 1318: attained the rank of Conjurer (level 3) 2052: killed by a paper golem Vanquished creatures: a shrieker a giant ant a little dog a floating eye an orc zombie a werejackal an iguana a gas spore a hobgoblin 3 giant rats a cave spider a green mold 4 geckos 4 jackals a fox a goblin a sewer rat 2 grid bugs 6 lichens 6 newts 39 creatures vanquished. No species were genocided or became extinct. Voluntary challenges: You were an atheist. You read items or engraved 3 times. You engraved Elbereth 1 time. You never genocided any monsters. You never polymorphed an object. You never changed form. You used no wishes. Achievement: You attained the rank of Conjurer. The Dungeons of Doom: levels 1 to 5 Level 1: A fountain. Level 2: A fountain, a sink. Level 3: Level 4: Level 5: <- You were here. Final resting place for you, killed by a paper golem, openorion-Arc-Dwa-Mal-Law, killed by a homunculus, while sleeping. Game over: ---------- / \ / REST \ / IN \ / PEACE \ / \ | 9629 | | 132 Au | | killed by a | | paper golem | | | | | | 2023 | *| * * * | * _________)/\\_//(\/(/\)/\//\/|_)_______ Goodbye 9629 the Wizard... You died in The Dungeons of Doom on dungeon level 5 with 679 points, and 132 pieces of gold, after 2052 moves. You were level 4 with a maximum of 33 hit points when you died.